[ AOE2 MATCH · #467555746 ]
UnrankedBurmese vs Ethiopians
[ REPLAY ANALYSIS · EXTRACTED FROM THE RECORDED GAME ]
Feudal
11:04
Castle
18:47
Imperial
38:11
| APM avg | 41.9 |
| APM peak | 61 |
| eAPM avg | 27.4 |
| Villagers / military | 107 / 43 |
Focus
⚔️ 19.3% · 🌾 80.7%
Battle Elephant ×13 · Arambai ×11 · Petard ×9 · Battering Ram ×4 · Mangonel ×3 · Bombard Cannon ×2
Feudal
15:36
Castle
22:12
Imperial
38:04
| APM avg | 25.7 |
| APM peak | 84 |
| eAPM avg | 14.8 |
| Villagers / military | 99 / 29 |
Focus
⚔️ 18.8% · 🌾 81.2%
Scorpion ×18 · Mangonel ×11
Feudal
14:54
Castle
21:50
Imperial
33:15
| APM avg | 10.2 |
| APM peak | 30 |
| eAPM avg | 7.9 |
| Villagers / military | 92 / 46 |
Focus
⚔️ 25.0% · 🌾 75.0%
Skirmisher ×32 · War Elephant ×9 · Fishing Ship ×5 · Mangonel ×3 · Monk ×1 · Trebuchet (Packed) ×1
Feudal
13:15
Castle
22:57
Imperial
27:48
| APM avg | 24.1 |
| APM peak | 52 |
| eAPM avg | 16.3 |
| Villagers / military | 109 / 108 |
Focus
⚔️ 26.8% · 🌾 73.2%
Elephant Archer ×60 · Spearman ×41 · Fishing Ship ×9 · Bombard Cannon ×4 · Armored Elephant ×2 · Monk ×1
Match map
Initial resources + every placement click. Lines = walls · curves = elevation contours. ◆ gold · ⬟ stone · ● berries · ✦ relic · ◌ wall gap
Your base· Open — opponent sealed themselves in
jalonsog92's base· ✓ Closed at 22:12 · 33t walls · 2 gate(s)
CRIS's base· ✓ Closed at 21:50 · 100t walls · no gate
Myrakaru's base· Open — opponent sealed themselves in
Smoothed initial terrain · ◌ = detected wall gap · hover for details
Inputs per minute
— Marcus_1284 - - jalonsog92
Build order — Marcus_1284
First 150 of 299 actions detected
| 0:18 | Build | House |
| 0:19 | Create | Villager (Male) |
| 0:20 | Build | House |
| 0:31 | Create | Villager (Male) |
| 0:32 | Create | Villager (Male) |
| 0:32 | Create | Villager (Male) |
| 1:26 | Research | Loom |
| 1:27 | Create | Villager (Male) |
| 1:44 | Create | Villager (Male) |
| 2:27 | Create | Villager (Male) |
| 2:33 | Build | House |
| 2:38 | Build | Palisade Wall |
| 2:55 | Create | Villager (Male) |
| 2:55 | Create | Villager (Male) |
| 3:06 | Build | Palisade Wall |
| 3:27 | Create | Villager (Male) |
| 3:27 | Create | Villager (Male) |
| 3:49 | Build | Palisade Wall |
| 3:51 | Build | Palisade Wall |
| 3:53 | Build | Palisade Wall |
| 4:00 | Create | Villager (Male) |
| 4:00 | Create | Villager (Male) |
| 4:21 | Create | Villager (Male) |
| 4:38 | Build | House |
| 4:44 | Create | Villager (Male) |
| 4:50 | Build | House |
| 5:14 | Create | Villager (Male) |
| 5:15 | Create | Villager (Male) |
| 6:10 | Create | Villager (Male) |
| 6:16 | Build | Mill |
| 7:00 | Create | Villager (Male) |
| 8:23 | Build | Lumber Camp |
| 8:54 | Research | Feudal Age |
| 9:37 | Create | Villager (Male) |
| 9:37 | Create | Villager (Male) |
| 11:04 | Age | Feudal Age |
| 11:12 | Build | Mining Camp |
| 11:26 | Create | Villager (Male) |
| 11:53 | Research | Horse Collar |
| 12:05 | Create | Villager (Male) |
| 12:09 | Build | Stone Wall |
| 12:45 | Build | Stone Wall |
| 12:47 | Build | Stone Wall |
| 12:56 | Create | Villager (Male) |
| 12:56 | Create | Villager (Male) |
| 13:03 | Build | Farm |
| 13:08 | Build | Farm |
| 13:18 | Create | Villager (Male) |
| 13:24 | Build | Farm |
| 14:00 | Build | House |
| 14:16 | Build | House |
| 14:22 | Create | Villager (Male) |
| 14:23 | Create | Villager (Male) |
| 14:46 | Build | Stone Wall |
| 14:53 | Build | Farm |
| 14:55 | Build | Farm |
| 15:17 | Build | Farm |
| 15:22 | Build | Market |
| 15:30 | Build | Blacksmith |
| 15:36 | Create | Villager (Male) |
| 15:43 | Build | Barracks |
| 15:46 | Build | Farm |
| 16:07 | Research | Castle Age |
| 16:23 | Build | Lumber Camp |
| 16:35 | Build | Mining Camp |
| 17:03 | Build | Stable |
| 17:43 | Build | Stable |
| 18:11 | Research | Forging |
| 18:11 | Research | Scale Barding Armor |
| 18:17 | Create | Villager (Male) |
| 18:17 | Create | Villager (Male) |
| 18:24 | Build | House |
| 18:47 | Age | Castle Age |
| 18:52 | Research | Bloodlines |
| 18:58 | Build | House |
| 19:21 | Build | Siege Workshop |
| 19:38 | Build | Gate |
| 19:43 | Create | Villager (Male) |
| 19:44 | Create | Villager (Male) |
| 19:49 | Build | Farm |
| 20:03 | Create | Battering Ram |
| 20:12 | Build | Farm |
| 20:18 | Create | Villager (Male) |
| 20:29 | Create | Villager (Male) |
| 20:42 | Create | Battering Ram |
| 20:49 | Build | House |
| 20:55 | Build | Farm |
| 21:02 | Create | Villager (Male) |
| 21:16 | Build | Town Center |
| 21:25 | Build | House |
| 21:36 | Create | Mangonel |
| 21:49 | Create | Battle Elephant |
| 21:49 | Create | Battle Elephant |
| 21:54 | Build | House |
| 21:59 | Create | Villager (Male) |
| 21:59 | Create | Villager (Male) |
| 22:02 | Build | Farm |
| 22:46 | Create | Battering Ram |
| 23:10 | Build | Monastery |
| 23:12 | Create | Villager (Male) |
| 23:13 | Create | Villager (Male) |
| 23:53 | Create | Battle Elephant |
| 23:53 | Create | Battle Elephant |
| 24:13 | Build | House |
| 24:19 | Create | Villager (Male) |
| 24:19 | Create | Villager (Male) |
| 24:23 | Create | Villager (Male) |
| 24:23 | Create | Villager (Male) |
| 24:35 | Create | Battering Ram |
| 24:39 | Build | Mining Camp |
| 24:52 | Build | Lumber Camp |
| 24:56 | Create | Villager (Male) |
| 25:09 | Create | Mangonel |
| 25:13 | Create | Villager (Male) |
| 25:22 | Create | Villager (Male) |
| 25:48 | Create | Villager (Male) |
| 25:59 | Create | Villager (Male) |
| 26:10 | Create | Monk |
| 26:13 | Create | Villager (Male) |
| 26:26 | Create | Villager (Male) |
| 27:05 | Build | Mining Camp |
| 27:07 | Create | Villager (Male) |
| 27:07 | Create | Villager (Male) |
| 27:10 | Create | Villager (Male) |
| 27:10 | Create | Villager (Male) |
| 27:16 | Build | Town Center |
| 27:23 | Build | Farm |
| 27:27 | Build | Farm |
| 27:31 | Build | Farm |
| 27:41 | Create | Villager (Male) |
| 27:45 | Create | Villager (Male) |
| 27:49 | Build | Farm |
| 27:51 | Build | Farm |
| 27:53 | Create | Villager (Male) |
| 27:59 | Build | Farm |
| 28:00 | Build | House |
| 28:12 | Build | House |
| 28:17 | Create | Mangonel |
| 28:26 | Build | House |
| 28:26 | Build | House |
| 28:32 | Build | Outpost |
| 28:35 | Research | Town Watch |
| 28:39 | Build | House |
| 28:40 | Build | House |
| 28:45 | Research | Husbandry |
| 28:45 | Research | Husbandry |
| 28:47 | Create | Villager (Male) |
| 28:51 | Create | Villager (Male) |
| 28:51 | Create | Villager (Male) |
| 28:57 | Build | Outpost |
Build order — jalonsog92
First 150 of 250 actions detected
| 0:01 | Research | Loom |
| 0:21 | Create | Villager (Male) |
| 0:21 | Create | Villager (Male) |
| 0:22 | Create | Villager (Male) |
| 0:22 | Create | Villager (Male) |
| 0:22 | Create | Villager (Male) |
| 0:48 | Build | Palisade Wall |
| 0:51 | Build | Palisade Wall |
| 0:55 | Build | Palisade Gate |
| 0:58 | Build | House |
| 1:51 | Build | Mill |
| 3:41 | Create | Villager (Male) |
| 5:03 | Create | Villager (Male) |
| 5:33 | Build | House |
| 5:35 | Build | House |
| 6:15 | Create | Villager (Male) |
| 6:15 | Create | Villager (Male) |
| 6:16 | Create | Villager (Male) |
| 6:31 | Build | House |
| 6:34 | Build | House |
| 6:35 | Build | Palisade Wall |
| 7:23 | Create | Villager (Male) |
| 7:29 | Build | Lumber Camp |
| 7:35 | Create | Villager (Male) |
| 7:35 | Create | Villager (Male) |
| 8:00 | Create | Villager (Male) |
| 8:49 | Create | Villager (Male) |
| 8:52 | Create | Villager (Male) |
| 8:52 | Create | Villager (Male) |
| 9:18 | Create | Villager (Male) |
| 10:06 | Create | Villager (Male) |
| 10:19 | Build | Lumber Camp |
| 11:02 | Build | Mill |
| 11:21 | Create | Villager (Male) |
| 11:21 | Create | Villager (Male) |
| 11:48 | Create | Villager (Male) |
| 12:23 | Create | Villager (Male) |
| 12:46 | Create | Villager (Male) |
| 12:47 | Create | Villager (Male) |
| 13:05 | Research | Feudal Age |
| 13:33 | Build | Mining Camp |
| 14:09 | Build | House |
| 14:09 | Build | House |
| 14:14 | Build | House |
| 14:15 | Build | House |
| 14:16 | Build | House |
| 15:36 | Age | Feudal Age |
| 15:38 | Create | Villager (Male) |
| 15:39 | Create | Villager (Male) |
| 15:40 | Create | Villager (Male) |
| 15:43 | Create | Villager (Male) |
| 15:54 | Build | Stone Wall |
| 15:59 | Build | Stone Wall |
| 16:10 | Research | Double-Bit Axe |
| 16:37 | Build | Mining Camp |
| 16:40 | Create | Villager (Male) |
| 17:00 | Build | Market |
| 17:02 | Build | Blacksmith |
| 17:25 | Create | Villager (Male) |
| 17:48 | Create | Villager (Male) |
| 18:33 | Create | Villager (Male) |
| 18:39 | Create | Villager (Male) |
| 19:11 | Build | Stone Wall |
| 19:13 | Build | Gate |
| 19:26 | Create | Villager (Male) |
| 19:31 | Research | Castle Age |
| 19:39 | Build | Mill |
| 20:32 | Research | Horse Collar |
| 20:42 | Build | House |
| 20:43 | Build | House |
| 20:44 | Build | House |
| 20:46 | Build | House |
| 21:17 | Research | Gold Mining |
| 22:12 | Age | Castle Age |
| 22:12 | Create | Villager (Male) |
| 22:13 | Create | Villager (Male) |
| 22:13 | Create | Villager (Male) |
| 22:23 | Build | Siege Workshop |
| 22:35 | Build | Farm |
| 22:37 | Build | Farm |
| 22:38 | Build | Farm |
| 22:38 | Build | Farm |
| 22:40 | Build | Farm |
| 22:40 | Build | Farm |
| 22:41 | Build | Farm |
| 22:42 | Build | Farm |
| 22:47 | Build | Farm |
| 22:48 | Build | Farm |
| 22:58 | Create | Mangonel |
| 23:11 | Build | Stone Wall |
| 23:13 | Build | Stone Wall |
| 24:04 | Build | Stone Wall |
| 24:07 | Create | Mangonel |
| 24:27 | Create | Villager (Male) |
| 24:28 | Create | Villager (Male) |
| 24:43 | Build | Town Center |
| 24:47 | Create | Villager (Male) |
| 24:55 | Build | Outpost |
| 25:41 | Build | Farm |
| 25:42 | Build | Farm |
| 25:45 | Create | Villager (Male) |
| 25:45 | Create | Villager (Male) |
| 25:46 | Create | Villager (Male) |
| 25:52 | Create | Villager (Male) |
| 25:52 | Create | Villager (Male) |
| 25:52 | Create | Villager (Male) |
| 25:53 | Create | Villager (Male) |
| 26:31 | Build | Town Center |
| 27:07 | Create | Villager (Male) |
| 27:07 | Create | Villager (Male) |
| 27:08 | Create | Villager (Male) |
| 27:10 | Create | Villager (Male) |
| 27:10 | Create | Villager (Male) |
| 27:10 | Create | Villager (Male) |
| 27:20 | Build | Town Center |
| 28:00 | Build | Stone Wall |
| 28:06 | Research | Wheelbarrow |
| 28:18 | Create | Villager (Male) |
| 28:18 | Create | Villager (Male) |
| 28:18 | Create | Villager (Male) |
| 28:19 | Create | Villager (Male) |
| 28:27 | Build | University |
| 28:31 | Create | Villager (Male) |
| 28:33 | Research | Bow Saw |
| 29:10 | Create | Villager (Male) |
| 29:11 | Create | Villager (Male) |
| 29:11 | Create | Villager (Male) |
| 29:13 | Create | Villager (Male) |
| 29:18 | Research | Gold Shaft Mining |
| 29:23 | Build | Farm |
| 29:25 | Build | Farm |
| 29:26 | Build | Farm |
| 29:28 | Build | Farm |
| 29:28 | Build | Farm |
| 29:31 | Build | Farm |
| 29:34 | Build | Farm |
| 29:37 | Build | Farm |
| 29:41 | Build | Mill |
| 29:45 | Create | Villager (Male) |
| 29:45 | Create | Villager (Male) |
| 29:46 | Create | Villager (Male) |
| 29:51 | Research | Hand Cart |
| 30:38 | Create | Villager (Male) |
| 30:40 | Create | Villager (Male) |
| 30:40 | Create | Villager (Male) |
| 31:03 | Research | Fortified Wall (upgrade) |
| 31:08 | Build | House |
| 31:10 | Build | House |
| 31:11 | Build | House |
| 31:13 | Build | House |
Build order — CRIS
First 150 of 224 actions detected
| 0:00 | Research | Loom |
| 0:01 | Create | Villager (Male) |
| 0:01 | Create | Villager (Male) |
| 0:02 | Create | Villager (Male) |
| 0:02 | Create | Villager (Male) |
| 0:02 | Create | Villager (Male) |
| 0:02 | Create | Villager (Male) |
| 0:55 | Build | Palisade Wall |
| 1:00 | Build | Palisade Wall |
| 1:03 | Build | House |
| 1:57 | Build | House |
| 2:00 | Build | House |
| 2:02 | Build | House |
| 2:03 | Build | House |
| 2:45 | Build | Palisade Wall |
| 2:59 | Create | Villager (Male) |
| 3:00 | Create | Villager (Male) |
| 3:36 | Create | Villager (Male) |
| 4:24 | Create | Villager (Male) |
| 4:54 | Create | Villager (Male) |
| 4:54 | Create | Villager (Male) |
| 4:54 | Create | Villager (Male) |
| 6:12 | Build | Palisade Wall |
| 6:25 | Create | Villager (Male) |
| 6:25 | Create | Villager (Male) |
| 7:09 | Create | Villager (Male) |
| 7:09 | Create | Villager (Male) |
| 7:09 | Create | Villager (Male) |
| 7:10 | Create | Villager (Male) |
| 7:10 | Create | Villager (Male) |
| 7:10 | Create | Villager (Male) |
| 8:22 | Create | Villager (Male) |
| 8:22 | Create | Villager (Male) |
| 9:00 | Build | Lumber Camp |
| 9:25 | Create | Villager (Male) |
| 9:25 | Create | Villager (Male) |
| 9:25 | Create | Villager (Male) |
| 9:51 | Build | House |
| 10:14 | Build | Mill |
| 10:25 | Build | Palisade Wall |
| 10:27 | Build | Palisade Wall |
| 10:57 | Create | Villager (Male) |
| 10:58 | Create | Villager (Male) |
| 11:46 | Build | Mill |
| 12:50 | Research | Feudal Age |
| 13:08 | Build | Palisade Wall |
| 13:52 | Build | Dock |
| 13:55 | Create | Villager (Male) |
| 13:55 | Create | Villager (Male) |
| 13:56 | Create | Villager (Male) |
| 13:56 | Create | Villager (Male) |
| 14:33 | Build | Mining Camp |
| 14:52 | Create | Fishing Ship |
| 14:53 | Create | Fishing Ship |
| 14:54 | Age | Feudal Age |
| 15:03 | Build | Stone Wall |
| 15:09 | Build | Stone Wall |
| 15:13 | Build | Stone Wall |
| 15:17 | Build | Stone Wall |
| 15:19 | Build | Stone Wall |
| 15:25 | Build | Mining Camp |
| 15:34 | Build | Lumber Camp |
| 15:44 | Create | Villager (Male) |
| 15:44 | Create | Villager (Male) |
| 15:44 | Create | Villager (Male) |
| 15:45 | Create | Villager (Male) |
| 15:52 | Create | Fishing Ship |
| 16:16 | Research | Double-Bit Axe |
| 17:10 | Build | Market |
| 17:18 | Build | House |
| 17:20 | Build | House |
| 17:51 | Create | Villager (Male) |
| 17:51 | Create | Villager (Male) |
| 17:51 | Create | Villager (Male) |
| 17:52 | Create | Villager (Male) |
| 18:10 | Build | Blacksmith |
| 18:17 | Build | Farm |
| 18:38 | Build | Stone Wall |
| 18:42 | Build | Farm |
| 19:08 | Build | Farm |
| 19:24 | Research | Castle Age |
| 19:28 | Build | Farm |
| 19:51 | Create | Villager (Male) |
| 19:51 | Create | Villager (Male) |
| 20:57 | Build | Farm |
| 21:04 | Build | Farm |
| 21:09 | Build | Farm |
| 21:10 | Build | Farm |
| 21:12 | Build | Farm |
| 21:14 | Build | Farm |
| 21:19 | Research | Horse Collar |
| 21:25 | Create | Fishing Ship |
| 21:26 | Create | Fishing Ship |
| 21:50 | Age | Castle Age |
| 22:01 | Build | Town Center |
| 22:04 | Create | Villager (Male) |
| 22:04 | Create | Villager (Male) |
| 22:05 | Create | Villager (Male) |
| 22:05 | Create | Villager (Male) |
| 22:09 | Build | Fish Trap |
| 22:24 | Build | Siege Workshop |
| 22:35 | Build | House |
| 22:55 | Build | Fish Trap |
| 23:06 | Build | Farm |
| 23:15 | Create | Villager (Male) |
| 23:15 | Create | Villager (Male) |
| 23:16 | Create | Villager (Male) |
| 23:45 | Create | Villager (Male) ×5 |
| 23:55 | Create | Mangonel |
| 24:15 | Create | Villager (Male) ×5 |
| 24:38 | Create | Mangonel |
| 24:56 | Build | House |
| 24:58 | Build | House |
| 25:13 | Create | Villager (Male) ×5 |
| 25:18 | Build | House |
| 25:19 | Build | House |
| 25:32 | Create | Villager (Male) ×3 |
| 25:40 | Build | Town Center |
| 25:58 | Create | Mangonel |
| 26:10 | Research | Stone Mining |
| 26:20 | Research | Gold Mining |
| 26:24 | Build | Fish Trap |
| 27:06 | Build | Farm |
| 27:09 | Build | Fish Trap |
| 27:13 | Build | Fish Trap |
| 27:20 | Create | Villager (Male) ×5 |
| 27:35 | Build | Stone Wall |
| 27:44 | Build | Stone Wall |
| 27:51 | Build | Stone Wall |
| 27:55 | Build | Farm |
| 28:00 | Build | Farm |
| 28:10 | Build | Farm |
| 28:13 | Build | Farm |
| 28:32 | Build | University |
| 28:40 | Build | Monastery |
| 28:45 | Build | Farm |
| 29:24 | Create | Villager (Male) ×5 |
| 29:54 | Build | Lumber Camp |
| 29:59 | Build | House |
| 30:00 | Build | House |
| 30:02 | Build | House |
| 30:03 | Build | House |
| 30:07 | Build | Farm |
| 30:14 | Build | House |
| 30:15 | Build | House |
| 30:16 | Build | House |
| 30:17 | Build | House |
| 30:23 | Build | Farm |
| 30:30 | Research | Imperial Age |
| 30:35 | Research | Town Watch |
Build order — Myrakaru
First 150 of 315 actions detected
| 0:02 | Create | Villager (Male) ×4 |
| 0:02 | Create | Villager (Male) ×4 |
| 0:03 | Research | Loom |
| 0:07 | Build | House |
| 0:07 | Build | House |
| 0:07 | Build | House |
| 0:51 | Build | Dock |
| 1:50 | Create | Villager (Male) |
| 1:50 | Create | Villager (Male) |
| 1:51 | Create | Villager (Male) |
| 2:08 | Create | Villager (Male) |
| 2:09 | Create | Villager (Male) |
| 2:49 | Create | Villager (Male) |
| 2:50 | Create | Villager (Male) |
| 3:20 | Create | Villager (Male) |
| 3:20 | Create | Villager (Male) |
| 3:23 | Create | Fishing Ship |
| 3:47 | Create | Villager (Male) |
| 4:20 | Create | Villager (Male) |
| 4:23 | Create | Fishing Ship |
| 4:46 | Create | Villager (Male) |
| 4:46 | Create | Villager (Male) |
| 5:00 | Create | Fishing Ship |
| 5:14 | Create | Villager (Male) |
| 5:14 | Create | Villager (Male) |
| 5:27 | Build | House |
| 5:28 | Build | House |
| 5:34 | Build | House |
| 5:38 | Create | Villager (Male) |
| 5:50 | Create | Fishing Ship |
| 6:16 | Build | House |
| 6:22 | Build | Palisade Wall |
| 6:25 | Build | Palisade Gate |
| 6:28 | Create | Villager (Male) |
| 6:28 | Create | Villager (Male) |
| 7:16 | Create | Villager (Male) |
| 7:16 | Create | Villager (Male) |
| 7:35 | Build | Lumber Camp |
| 7:45 | Create | Villager (Male) |
| 7:52 | Create | Fishing Ship |
| 8:07 | Create | Villager (Male) |
| 8:07 | Create | Villager (Male) |
| 8:36 | Create | Villager (Male) |
| 8:36 | Create | Villager (Male) |
| 8:37 | Create | Villager (Male) |
| 8:40 | Create | Fishing Ship |
| 9:36 | Create | Villager (Male) |
| 9:36 | Create | Villager (Male) |
| 9:55 | Build | Mill |
| 10:34 | Create | Villager (Male) |
| 10:57 | Research | Feudal Age |
| 12:25 | Create | Fishing Ship |
| 12:25 | Create | Fishing Ship |
| 12:26 | Create | Fishing Ship |
| 12:45 | Build | House |
| 12:45 | Build | House |
| 12:45 | Build | House |
| 12:45 | Build | House |
| 12:46 | Build | House |
| 12:46 | Build | House |
| 12:46 | Build | House |
| 12:46 | Build | House |
| 12:46 | Build | House |
| 12:47 | Build | House |
| 12:47 | Build | House |
| 12:47 | Build | House |
| 12:48 | Build | House |
| 12:48 | Build | House |
| 13:15 | Age | Feudal Age |
| 13:24 | Build | Mining Camp |
| 13:29 | Create | Villager (Male) |
| 13:29 | Create | Villager (Male) |
| 13:30 | Create | Villager (Male) |
| 13:30 | Create | Villager (Male) |
| 13:30 | Create | Villager (Male) |
| 13:37 | Research | Wheelbarrow |
| 13:38 | Create | Villager (Male) |
| 13:40 | Research | Horse Collar |
| 13:50 | Build | Fish Trap |
| 13:51 | Build | Fish Trap |
| 13:51 | Build | Fish Trap |
| 13:56 | Build | Fish Trap |
| 13:57 | Build | Fish Trap |
| 13:58 | Build | Fish Trap |
| 14:02 | Build | Fish Trap |
| 14:15 | Build | Fish Trap |
| 14:29 | Create | Villager (Male) |
| 14:30 | Create | Villager (Male) |
| 15:34 | Build | Fish Trap |
| 15:43 | Create | Villager (Male) |
| 15:43 | Create | Villager (Male) |
| 15:43 | Create | Villager (Male) |
| 15:43 | Create | Villager (Male) |
| 15:55 | Build | Blacksmith |
| 16:05 | Build | Barracks |
| 16:24 | Research | Double-Bit Axe |
| 16:35 | Create | Villager (Male) |
| 16:35 | Create | Villager (Male) |
| 16:35 | Create | Villager (Male) |
| 16:39 | Research | Fletching |
| 17:12 | Build | Archery Range |
| 17:27 | Build | Farm |
| 17:31 | Build | Farm |
| 17:46 | Build | Stone Wall |
| 17:50 | Build | Gate |
| 17:57 | Build | Farm |
| 17:58 | Build | Farm |
| 18:00 | Build | Farm |
| 18:00 | Build | Farm |
| 18:01 | Build | Farm |
| 18:02 | Build | Farm |
| 18:06 | Create | Villager (Male) |
| 18:06 | Create | Villager (Male) |
| 18:06 | Create | Villager (Male) |
| 18:17 | Build | Farm |
| 18:30 | Build | Farm |
| 18:33 | Build | Farm |
| 18:44 | Build | Farm |
| 19:11 | Create | Villager (Male) |
| 19:11 | Create | Villager (Male) |
| 19:56 | Build | Mining Camp |
| 20:05 | Research | Castle Age |
| 20:40 | Build | Stone Wall |
| 20:41 | Build | Stone Wall |
| 20:47 | Create | Villager (Male) |
| 20:48 | Create | Villager (Male) |
| 20:48 | Create | Villager (Male) |
| 20:53 | Create | Villager (Male) |
| 20:53 | Create | Villager (Male) |
| 21:26 | Build | Farm |
| 21:27 | Build | Farm |
| 21:28 | Build | Farm |
| 21:29 | Build | Farm |
| 21:31 | Build | Farm |
| 21:32 | Build | Farm |
| 21:34 | Build | Farm |
| 21:36 | Build | Farm |
| 21:38 | Build | Farm |
| 21:45 | Build | Farm |
| 21:49 | Create | Villager (Male) |
| 21:50 | Create | Villager (Male) |
| 21:50 | Create | Villager (Male) |
| 22:56 | Build | Stone Wall |
| 22:57 | Build | Stone Wall |
| 22:57 | Age | Castle Age |
| 23:03 | Research | Heavy Plow |
| 23:08 | Research | Bodkin Arrow |
| 23:20 | Build | Siege Workshop |
| 23:29 | Build | University |
| 23:38 | Build | Monastery |
Match timeline
| 0:48 | jalonsog92 · wall_segment Palisade Wall x8 |
| 0:51 | jalonsog92 · wall_segment Palisade Wall x7 |
| 0:51 | Myrakaru · first_building Dock |
| 0:55 | CRIS · wall_segment Palisade Wall x11 |
| 1:00 | CRIS · wall_segment Palisade Wall x10 |
| 2:38 | Marcus_1284 · wall_segment Palisade Wall x3 |
| 2:45 | CRIS · wall_segment Palisade Wall x10 |
| 3:06 | Marcus_1284 · wall_segment Palisade Wall x10 |
| 3:49 | Marcus_1284 · wall_segment Palisade Wall x1 |
| 3:51 | Marcus_1284 · wall_segment Palisade Wall x1 |
| 3:53 | Marcus_1284 · wall_segment Palisade Wall x1 |
| 6:12 | CRIS · wall_segment Palisade Wall x8 |
| 6:22 | Myrakaru · wall_segment Palisade Wall x5 |
| 6:35 | jalonsog92 · wall_segment Palisade Wall x1 |
| 10:25 | CRIS · wall_segment Palisade Wall x1 |
| 10:27 | CRIS · wall_segment Palisade Wall x7 |
| 11:04 | Marcus_1284 · age_up feudal |
| 12:09 | Marcus_1284 · wall_segment Stone Wall x3 |
| 12:45 | Marcus_1284 · wall_segment Stone Wall x3 |
| 12:47 | Marcus_1284 · wall_segment Stone Wall x7 |
| 13:08 | CRIS · wall_segment Palisade Wall x10 |
| 13:15 | Myrakaru · age_up feudal |
| 13:52 | CRIS · first_building Dock |
| 14:46 | Marcus_1284 · wall_segment Stone Wall x3 |
| 14:54 | CRIS · age_up feudal |
| 15:03 | CRIS · wall_segment Stone Wall x9 |
| 15:09 | CRIS · wall_segment Stone Wall x3 |
| 15:13 | CRIS · wall_segment Stone Wall x10 |
| 15:17 | CRIS · wall_segment Stone Wall x3 |
| 15:19 | CRIS · wall_segment Stone Wall x9 |
| 15:36 | jalonsog92 · age_up feudal |
| 15:43 | Marcus_1284 · first_building Barracks |
| 15:54 | jalonsog92 · wall_segment Stone Wall x8 |
| 15:59 | jalonsog92 · wall_segment Stone Wall x7 |
| 16:05 | Myrakaru · first_building Barracks |
| 17:03 | Marcus_1284 · first_building Stable |
| 17:12 | Myrakaru · first_building Archery Range |
| 17:46 | Myrakaru · wall_segment Stone Wall x7 |
| 18:38 | CRIS · wall_segment Stone Wall x10 |
| 18:47 | Marcus_1284 · age_up castle |
| 19:11 | jalonsog92 · wall_segment Stone Wall x6 |
| 19:14 | CRIS · first_market_buy 100 food |
| 19:21 | Marcus_1284 · first_building Siege Workshop |
| 20:40 | Myrakaru · wall_segment Stone Wall x9 |
| 20:41 | Myrakaru · wall_segment Stone Wall x1 |
| 21:06 | Marcus_1284 · first_market_sell 100 stone |
| 21:08 | Marcus_1284 · first_market_buy 100 wood |
| 21:50 | CRIS · age_up castle |
| 22:12 | jalonsog92 · age_up castle |
| 22:23 | jalonsog92 · first_building Siege Workshop |
| 22:24 | CRIS · first_building Siege Workshop |
| 22:56 | Myrakaru · wall_segment Stone Wall x10 |
| 22:57 | Myrakaru · wall_segment Stone Wall x1 |
| 22:57 | Myrakaru · age_up castle |
| 23:10 | Marcus_1284 · first_building Monastery |
| 23:11 | jalonsog92 · wall_segment Stone Wall x1 |
| 23:13 | jalonsog92 · wall_segment Stone Wall x1 |
| 23:20 | Myrakaru · first_building Siege Workshop |
| 23:38 | Myrakaru · first_building Monastery |
| 24:04 | jalonsog92 · wall_segment Stone Wall x1 |
| 24:40 | jalonsog92 · first_market_buy 100 wood |
| 25:10 | Myrakaru · wall_segment Stone Wall x6 |
| 27:35 | CRIS · wall_segment Stone Wall x2 |
| 27:44 | CRIS · wall_segment Stone Wall x15 |
| 27:48 | Myrakaru · age_up imperial |
| 27:51 | CRIS · wall_segment Stone Wall x16 |
| 28:00 | jalonsog92 · wall_segment Stone Wall x13 |
| 28:40 | CRIS · first_building Monastery |
| 29:41 | Marcus_1284 · first_building Castle |
| 30:46 | Myrakaru · first_market_sell 100 wood |
| 30:47 | Myrakaru · first_market_buy 100 food |
| 31:31 | CRIS · first_building Castle |
| 32:09 | jalonsog92 · wall_segment Stone Wall x5 |
| 32:28 | Myrakaru · first_building Castle |
| 32:36 | CRIS · wall_segment Stone Wall x13 |
| 33:15 | CRIS · age_up imperial |
| 34:00 | jalonsog92 · first_building Castle |
| 34:39 | Marcus_1284 · wall_segment Stone Wall x1 |
| 35:27 | CRIS · first_building Barracks |
| 38:04 | jalonsog92 · age_up imperial |
| 38:11 | Marcus_1284 · age_up imperial |
| 38:35 | CRIS · first_building Archery Range |
| 40:14 | jalonsog92 · wall_segment Stone Wall x3 |
| 40:16 | jalonsog92 · wall_segment Stone Wall x7 |
| 42:02 | CRIS · resign |
[ AI ANALYSIS · 1 CREDIT ]
What really happened in this match?
Wolo.gg analyzes every decision: build order, eco, micro, common mistakes by bracket. Personalized analysis on WhatsApp or Discord in 30 seconds.
Civ guide
Burmese
Perfil
Jugador #11752271